 Dungeon Crawl Stone Soup version 0.25-a0-504-g768f60da87 (webtiles) character file.

Game seed: 13024984432005261991, levelgen mode: deterministic

28 Crag the Sneak (level 3, -2/15 HPs)
             Began as a Felid Wizard on Feb 14, 2020.
             Shot with an arrow by a centaur (7 damage)
             ... on level 3 of the Dungeon.
             The game lasted 00:08:21 (2796 turns).

Crag the Sneak (Felid Wizard)                       Turns: 2796, Time: 00:08:22

Health: -2/15      AC:  1    Str:  4    XL:     3   Next: 0%
Magic:  6/8        EV: 18    Int: 19    God:
Gold:   76         SH:  0    Dex: 14    Spells: 2/8 levels left
                                        Lives:  0   Deaths: 1

rFire    + . .     SeeInvis +     - Unarmed
rCold    . . .     Gourm    .   (shield unavailable)
rNeg     + . .     Faith    .   (armour unavailable)
rPois    .         Spirit   .   (helmet unavailable)
rElec    .         Reflect  .   (cloak unavailable)
rCorr    .         Harm     .   (gloves unavailable)
MR       .....                  (boots unavailable)
Stlth    +++.......             (no amulet)
HPRegen  0.05/turn              g - ring of positive energy
MPRegen  0.11/turn              j - ring of protection from fire

@: quick
A: very small, no armour, no weapons or thrown items, stealth, claws 1, fangs 3,
see invisible, carnivore, speed 1, shaggy fur 1, slow metabolism 1, sharp paws
a: no special abilities


You were on level 3 of the Dungeon.
You were not hungry.

You visited 1 branch of the dungeon, and saw 3 of its levels.

You collected 76 gold pieces.

Inventory:

Jewellery
 c - an uncursed ring of ice
 g - a ring of positive energy (left paw)
 j - a ring of protection from fire (right paw)
Scrolls
 a - 3 scrolls of identify
 e - 3 scrolls of remove curse
Potions
 f - a potion of curing
Comestibles
 b - 4 rations


   Skills:
 - Level 1.0 Fighting
 + Level 3.2 Dodging
 + Level 3.5 Stealth
 + Level 1.1 Unarmed Combat
 + Level 3.3 Spellcasting
 + Level 1.5 Conjurations
   Level 1.0 Summonings
 - Level 2.0 Translocations
 + Level 0.0 Air Magic
 + Level 0.1 Poison Magic


You had 2 spell levels left.
You knew the following spells:

 Your Spells              Type           Power        Failure   Level  Hunger
a - Magic Dart            Conj           #...         8%          1    None
b - Blink                 Tloc           N/A          10%         2    ##.....
c - Mephitic Cloud        Conj/Pois/Air  #.......     34%         3    ###....

Your spell library contained the following spells:

 Spells                   Type           Power        Failure   Level  Hunger
 Call Imp                 Summ           #.......     14%         2    ##.....
 Slow                     Hex            #.......     22%         2    ##.....
 Conjure Flame            Conj/Fire      #.......     32%         3    ###....


Dungeon Overview and Level Annotations

Branches:
Dungeon (3/15)

Altars:


Innate Abilities, Weirdness & Mutations

You cannot wear armour.
You are incapable of wielding weapons or throwing items.
Your paws allow you to move quietly. (Stealth)
You have sharp claws.
You have razor-sharp teeth.
You have supernaturally acute eyesight. (SInv)
You are carnivorous and can eat meat at any time.
You cover ground quickly.
You are covered in fur. (AC +1)
You have a slow metabolism.
Your sharp claws are effective at attacking unaware monsters.


Message History

The centaur shoots an arrow.
The arrow closely misses you.
You see here an arrow.
The centaur shoots an arrow.
The arrow completely misses you.
Things that are here:
an arrow; 12 stones
Casting: Magic Dart (safe; 8% risk of failure)
Confirm with . or Enter, or press ? or * to list all spells.
You blink.
A jackal comes into view.
The jackal barks!
The kobold shouts!
The hobgoblin shouts!
A jackal comes into view.
The jackal barks!
Casting: Blink (safe; 10% risk of failure)
Confirm with . or Enter, or press ? or * to list all spells.
Aiming: Mephitic Cloud (safe; 34% risk of failure)
Press: ? - help, Shift-Dir - straight line, f - kobold
Aim: a kobold, wielding a +0 short sword
Okay, then.
The centaur shoots an arrow.
The arrow hits you!
You die...

######h .......
#.....h##
........# #.#
#.......# #.#
#.......# #.#
#..K...g# #.#
#.......###.###.#
#.
######..@ยง.......
#...
#.(###c#####...##
#.......c........
#########(..%....
..#........
#..........
#..........
#..........
#..........#..


You could see a centaur, a jackal, a hobgoblin and a kobold.

Vanquished Creatures
  3 adders (D:2)
  A worm (D:2)
  A dart slug (D:1)
  A leopard gecko (D:1)
  A ball python (D:1)
  7 bats
  A giant cockroach (D:1)
  3 goblins
  A hobgoblin (D:1)
  6 jackals
  4 frilled lizards
  3 kobolds
  5 rats
37 creatures vanquished.

Notes
Turn   | Place    | Note
-------+----------+-------------------------------------------
     0 | D:1      | Crag the Felid Wizard began the quest for the Orb.
     0 | D:1      | Reached XP level 1. HP: 7/7 MP: 5/5
   136 | D:1      | Reached skill level 1 in Conjurations
   505 | D:1      | Reached XP level 2. HP: 12/12 MP: 2/7
   509 | D:1      | Learned a level 2 spell: Blink
  1510 | D:2      | Reached XP level 3. HP: 7/15 MP: 1/8
  1931 | D:2      | Learned a level 3 spell: Mephitic Cloud
  2045 | D:2      | Reached skill level 1 in Unarmed Combat
  2096 | D:2      | Reached skill level 1 in Fighting
  2578 | D:2      | Reached XP level 4. HP: 18/19 MP: 1/10
  2751 | D:3      | Noticed a centaur
  2782 | D:3      | Slain by a centaur
  2783 | D:3      | Reached XP level 3. HP: -2/15 MP: 2/8
  2796 | D:3      | Shot with an arrow by a centaur

Levels and vault maps discovered:
D:1:      minmay_arrival_solitary_statue, layout_basic
D:2:      layout_rooms, minmay_misc_feat_rugged, hex_large,
          minmay_fractal_squares_gapless_5
D:3:      layout_basic, gammafunk_temple_overflow_pools

Skill      XL: |  1  2  3 |
---------------+----------+-----
Conjurations   | 1 |  1.5
Stealth        | 3 |  3.5
Dodging        | 3 |  3.2
Translocations | 2 |  2.0
Unarmed Combat | 1 |  1.1
Fighting       | 1 |  1.0
Spellcasting   | |  3.3
Summonings     | |  1.0
Poison Magic   | |  0.1

Action                   |  1- 3 |  4- 6 || total
-------------------------+-------+-------++-------
Melee: Unarmed           |    71 |    11 ||    82
       Bite              |     3 |     1 ||     4
 Cast: Magic Dart        |    91 |    10 ||   101
       Blink             |     1 |       ||     1
       Mephitic Cloud    |       |     1 ||     1
  Use: Potion            |       |     4 ||     4
       Scroll            |       |     3 ||     3
  Eat: Chunk             |    10 |     1 ||    11
Armor: Skin              |     5 |       ||     5
Dodge: Dodged            |    88 |    17 ||   105

Table legend:
 A = Non-vault XP
 B = Vault XP
 C = Vault XP percentage of total XP
 D = Non-vault monster count
 E = Vault monster count
 F = Vault count percentage of total count
                 A         B        C        D         E       F
            +---------+---------+-------+---------+---------+-------
      Total |      92 |       6 |   6.1 |      33 |       4 |  10.8
            +---------+---------+-------+---------+---------+-------
        D:1 |      35 |       0 |   0.0 |      20 |       0 |   0.0
        D:2 |      56 |       6 |   9.7 |      12 |       4 |  25.0
        D:3 |       1 |       0 |   0.0 |       1 |       0 |   0.0
            +---------+---------+-------+---------+---------+-------
